Map: Cerulean Fall LE

Players

Elazer

  • Race: Zerg Zerg
  • Spawn Location: 7:00

lIIllllIIlll (INnoVation) - Winner!

  • Race: Terran Terran
  • League: Master
  • Spawn Location: 1:00

Event: HomeStory Cup XVIII

VOD

Have the link to the VOD?

Description

Time

  • Played on: Nov. 22, 2018, 1:55 p.m.
  • Length: 13:38

All games in this series

Show
View Real Time Build Order
Export as new Build Order

Elazer Zerg 

Build Orders: Hatch First 

Get SALT Encoding   

  12  0:00  Drone  
  13  0:12  Overlord  
  13  0:17  Drone  
  14  0:31  Drone x2  
  16  0:48  Hatchery  
  15  0:51  Drone  
  15  0:55  Drone  
  17  0:58  Drone  
  18  1:08  Extractor  
  17  1:13  Spawning Pool  
  17  1:16  Drone  
  17  1:20  Drone  
  18  1:28  Drone  
  19  1:38  Drone  
  20  1:50  Drone  
  21  1:59  Queen  
  21  2:00  Queen, Zergling x4  
  27  2:14  Hatchery  
  26  2:19  Overlord  
  27  2:22  Drone  
  27  2:26  Drone  
  28  2:30  Metabolic Boost  
  27  2:37  Drone  
  27  2:38  Drone  
  27  2:39  Drone  
  30  2:46  Queen  
  30  2:51  Overlord  
  32  2:53  Drone  
  32  2:57  Drone  
  34  2:59  Drone  
  35  3:08  Queen  
  35  3:10  Drone x2  
  35  3:12  Drone  
  40  3:14  Drone  
  40  3:15  Drone  
  40  3:18  Drone  
  43  3:25  Queen  
  45  3:27  Overlord  
  45  3:29  Drone  
  45  3:31  Drone  
  47  3:35  Overlord  
  47  3:38  Drone x2  
  49  3:45  Queen  
  51  3:49  Zergling x6  
  51  3:52  Zergling x2  
  51  3:53  Zergling x2  
  56  3:57  Drone x3  
  56  3:59  Drone  
  56  4:00  Drone  
  56  4:01  Drone  
  62  4:08  Overlord, Drone  
  63  4:10  Drone  
  63  4:12  Drone  
  65  4:17  Evolution Chamber  
  65  4:18  Overlord, Evolution Chamber  
  63  4:26  Overlord  
  63  4:28  Drone x2  
  65  4:36  Overlord  
  65  4:37  Drone x8  
  73  4:40  Extractor  
  73  4:41  Extractor, Spore Crawler  
  73  4:42  Spore Crawler  
  73  4:43  Drone  
  70  4:46  Drone x2  
  71  4:57  Overlord  
  71  4:58  Zergling x2  
  71  4:59  Overlord, Drone  
  73  5:00  Zerg Ground Armor Level 1, Zerg Melee Weapons Level 1  
  73  5:01  Drone x2  
  73  5:03  Extractor  
  73  5:04  Drone  
  73  5:05  Drone  
  76  5:09  Overlord  
  76  5:10  Drone x3  
  76  5:12  Overlord  
  80  5:14  Drone  
  80  5:17  Lair  
  80  5:21  Baneling Nest  
  80  5:23  Overlord  
  80  5:25  Overlord  
  79  5:31  Overlord  
  79  5:32  Zergling x10  
  84  5:41  Hatchery  
  83  5:43  Drone x2  
  83  5:44  Drone  
  83  5:46  Zergling x2  
  83  5:47  Zergling x4  
  89  5:55  Zergling x12  
  95  6:00  Overlord  
  95  6:06  Overlord  
  95  6:07  Zergling x4  
  97  6:11  Zergling x2  
  97  6:12  Zergling x6  
  97  6:14  Hatchery, Zergling x4  
  97  6:15  Zergling x2  
  103  6:21  Overlord, Centrifical Hooks  
  103  6:28  Baneling x9  
  103  6:29  Overseer  
  103  6:30  Zergling x6  
  106  6:37  Zergling x4  
  104  6:45  Drone x8  
  106  6:56  Zergling x2  
  106  6:57  Zergling x6  
  106  7:01  Zerg Melee Weapons Level 2, Zerg Ground Armor Level 2  
  108  7:02  Overlord  
  108  7:08  Baneling x5  
  108  7:09  Zergling x16  
  108  7:15  Infestation Pit  
  115  7:17  Drone x6  
  119  7:26  Zergling x10  
  122  7:33  Zergling x2  
  122  7:34  Zergling x2  
  120  7:37  Overlord  
  120  7:38  Zergling x10  
  120  7:41  Overlord  
  120  7:43  Zergling x12  
  126  7:58  Hive, Zergling x18  
  120  8:00  Spore Crawler  
  120  8:02  Baneling x7  
  120  8:05  Zergling x8  
  131  8:11  Baneling  
  131  8:12  Baneling x6  
  131  8:14  Baneling  
  131  8:15  Baneling x2  
  131  8:16  Drone x9  
  131  8:17  Overseer  
  131  8:19  Queen  
  140  8:20  Overlord  
  140  8:24  Zergling x4  
  144  8:27  Baneling x4  
  133  8:34  Zergling x8  
  133  8:35  Zergling x8  
  133  8:39  Baneling  
  133  8:40  Baneling x5  
  141  8:43  Overlord  
  141  8:47  Zergling x14  
  147  8:51  Overlord  
  147  8:52  Zergling x2  
  147  8:53  Zergling x2  
  129  8:56  Overlord  
  129  9:02  Drone x5  
  130  9:03  Overseer  
  128  9:10  Drone x2  
  127  9:17  Overlord  
  127  9:18  Zergling x16  
  120  9:27  Zergling x6  
  105  9:36  Zergling x12  
  105  9:37  Spore Crawler  
  110  9:41  Zerg Ground Armor Level 3, Zerg Melee Weapons Level 3  
  110  9:42  Adrenal Glands  
  110  9:45  Overlord x2, Zergling x2  
  111  9:46  Zergling x6  
  111  9:50  Overlord  
  111  9:52  Zergling x6  
  114  9:54  Baneling x6  
  114  9:59  Zergling x6  
  106  10:08  Drone x8  
  106  10:12  Spore Crawler, Baneling x2  
  105  10:21  Zergling x2  
  105  10:22  Zergling x16  
  105  10:25  Baneling x7  
  114  10:29  Baneling  
  114  10:30  Baneling x2  
  114  10:34  Zergling x2  
  114  10:35  Zergling x8  
  112  10:36  Overseer  
  109  10:43  Zergling x2  
  109  10:44  Zergling x14  
  109  10:49  Zergling x10  
  114  10:56  Zergling x2  
  114  10:57  Zergling x2  
  114  11:06  Drone x5  
  119  11:11  Baneling  
  119  11:12  Hatchery, Baneling x5  
  119  11:13  Baneling x3  
  119  11:18  Drone x3  
  120  11:20  Overlord  
  119  11:27  Burrow  
  119  11:28  Overlord  
  119  11:32  Overlord  
  114  11:38  Drone  
  114  11:39  Drone x6  
  116  11:40  Overlord  
  116  11:43  Overlord  
  113  11:48  Drone x2  
  115  11:57  Zergling x2  
  115  11:58  Zergling x8  
  118  12:02  Overlord  
  118  12:14  Hatchery  
  115  12:17  Overlord  
  115  12:22  Zergling x16  
  120  12:26  Overlord  
  119  12:32  Zergling x6  
  119  12:36  Zergling x4  
  97  12:52  Zergling x14  
  97  12:57  Zergling x2  
  101  13:04  Hatchery  
  99  13:10  Zergling x6  
  102  13:16  Zergling x2  
  103  13:23  Baneling x10  
Show
View Real Time Build Order
Export as new Build Order

lIIllllIIlll Terran - Winner!

Build Orders: Reaper Expand 

Get SALT Encoding   

  12  0:00  SCV  
  13  0:12  SCV  
  14  0:17  Supply Depot  
  14  0:24  SCV  
  15  0:39  SCV  
  15  0:40  Barracks  
  16  0:44  Refinery  
  16  0:51  SCV  
  17  1:03  SCV  
  18  1:15  SCV  
  19  1:27  Reaper, Orbital Command  
  20  1:40  Command Center  
  20  1:52  Supply Depot  
  20  1:53  SCV  
  21  1:59  Marine  
  22  2:05  SCV  
  23  2:09  Factory  
  23  2:12  Refinery  
  23  2:17  SCV  
  23  2:21  Barracks Reactor  
  24  2:29  SCV  
  25  2:41  SCV  
  26  2:52  Orbital Command  
  26  2:53  SCV  
  26  2:54  Starport  
  27  3:00  Hellion  
  27  3:01  Hellion  
  31  3:06  SCV  
  31  3:07  Barracks Tech Lab  
  32  3:18  SCV x2  
  34  3:22  Hellion x2  
  38  3:27  Supply Depot  
  38  3:30  Stimpack  
  38  3:31  Viking  
  38  3:33  SCV  
  42  3:34  SCV  
  42  3:45  SCV  
  42  3:46  SCV  
  44  3:54  Command Center  
  44  3:57  SCV  
  44  3:58  SCV  
  44  4:01  Barracks  
  46  4:07  Barracks  
  46  4:08  Starport Reactor  
  46  4:11  SCV  
  46  4:13  SCV  
  48  4:17  Supply Depot  
  48  4:18  Factory Tech Lab  
  48  4:23  SCV  
  49  4:25  SCV  
  49  4:29  Supply Depot  
  50  4:35  SCV  
  50  4:37  SCV  
  50  4:38  Engineering Bay  
  52  4:39  Engineering Bay  
  52  4:40  Marine  
  53  4:48  SCV  
  53  4:49  SCV  
  55  4:53  Starport Reactor  
  55  4:55  Marine  
  55  4:56  Refinery  
  55  4:57  Marine, Refinery  
  55  4:58  Marine  
  58  5:00  SCV  
  58  5:01  SCV  
  58  5:03  Factory Reactor  
  58  5:04  Terran Infantry Weapons Level 1  
  58  5:05  Terran Infantry Armor Level 1  
  58  5:07  Marine x2  
  60  5:10  Orbital Command  
  60  5:13  SCV x2  
  64  5:15  Marine  
  64  5:18  Marine x2  
  67  5:25  SCV x2  
  69  5:29  Medivac x2  
  69  5:30  Supply Depot  
  69  5:31  Combat Shield, Orbital Command  
  69  5:32  Marine  
  69  5:33  Marine x2  
  76  5:39  Widow Mine  
  76  5:40  Widow Mine  
  76  5:41  SCV x2  
  82  5:47  Marine  
  82  5:48  Supply Depot, Marine  
  82  5:49  Marine  
  84  5:52  Marine  
  84  5:53  SCV x2  
  88  5:57  SCV  
  88  5:58  Marine  
  88  6:03  Supply Depot  
  90  6:05  Marine x2  
  90  6:07  Marine  
  90  6:09  Marine, SCV x3  
  97  6:14  Armory, Widow Mine x2  
  101  6:19  Supply Depot  
  101  6:24  Marine x2, Medivac x2  
  107  6:26  Supply Depot  
  107  6:27  Marine x2  
  109  6:35  SCV x2  
  109  6:41  Barracks x2, SCV  
  109  6:42  Widow Mine  
  109  6:44  Widow Mine  
  114  6:47  Factory  
  114  6:49  Refinery  
  114  6:50  SCV x2  
  114  6:53  SCV  
  117  6:56  Marine x5  
  117  7:01  Supply Depot  
  119  7:06  Supply Depot  
  119  7:08  Widow Mine x2  
  123  7:10  SCV x2  
  125  7:22  Marine x5, SCV  
  131  7:23  Medivac  
  131  7:27  Supply Depot, Medivac  
  135  7:30  Supply Depot, Barracks Reactor x2  
  135  7:35  Drilling Claws  
  134  7:37  Widow Mine x3  
  134  7:45  Marine  
  134  7:46  Marine x4  
  139  7:55  Medivac  
  139  7:57  Medivac  
  134  8:01  Widow Mine x3  
  134  8:03  Marine  
  141  8:08  Barracks  
  141  8:10  Barracks x2  
  141  8:11  Marine  
  141  8:12  Marine x7  
  149  8:18  Supply Depot  
  149  8:20  Supply Depot  
  149  8:25  Medivac  
  149  8:26  Marine  
  152  8:27  Medivac  
  152  8:28  Concussive Shells  
  152  8:29  Marine x3  
  152  8:31  Marine x2  
  152  8:33  Marauder  
  155  8:35  Widow Mine  
  155  8:40  Widow Mine x2, Marine x2  
  163  8:43  Marine  
  163  8:47  Marine x3  
  167  8:49  Marine x2  
  167  8:54  Marauder  
  171  8:57  Marine  
  171  8:58  Marine  
  171  9:01  Medivac  
  171  9:02  Marine  
  173  9:03  Barracks Tech Lab  
  173  9:04  Barracks Tech Lab x2  
  173  9:05  Marine  
  173  9:06  Marine  
  173  9:07  Marine x2  
  173  9:08  Marine, Medivac  
  173  9:09  Supply Depot  
  172  9:17  Marauder  
  172  9:20  Widow Mine  
  172  9:23  Widow Mine  
  169  9:24  Supply Depot  
  169  9:29  Marauder x3, Marine  
  169  9:30  Marine x7  
  143  9:32  Widow Mine, Liberator x2  
  145  9:39  Marauder  
  145  9:42  Widow Mine  
  145  9:44  Widow Mine  
  151  9:47  Marine  
  151  9:48  Terran Infantry Armor Level 2, Marine x3, Terran Infantry Weapons Level 2  
  161  9:53  Widow Mine  
  159  10:03  Widow Mine, Marauder  
  159  10:04  Marauder x2, Marine  
  159  10:06  Widow Mine  
  162  10:15  Widow Mine  
  162  10:21  Command Center  
  152  10:24  Widow Mine, Marine  
  152  10:25  Marauder x4, Marine  
  152  10:27  Marine  
  151  10:37  Medivac x2  
  136  10:51  Widow Mine x3  
  136  10:52  Marine  
  136  10:53  Marauder x3  
  136  10:55  Marine x8  
  146  11:07  Medivac  
  148  11:12  Marine  
  148  11:13  Widow Mine x3  
  148  11:14  Marauder x3  
  148  11:15  Marine x2  
  163  11:22  Medivac  
  164  11:30  Marauder  
  164  11:31  Marine x4  
  170  11:35  Marauder x3  
  170  11:36  SCV x3  
  159  11:48  SCV x3  
  159  11:50  Widow Mine x3  
  159  11:51  Marine x2  
  170  11:57  Medivac  
  169  12:06  SCV x3  
  159  12:23  Planetary Fortress  
  159  12:24  SCV x3  
  159  12:25  Widow Mine x3  
  159  12:26  Medivac  
  159  12:27  Medivac  
  170  12:36  SCV x3  
  147  12:47  Widow Mine  
  147  12:48  Widow Mine x2, SCV x3  
  147  13:00  SCV x2  
  147  13:01  Marine, Marauder x2, SCV  
  147  13:02  Marauder  
  147  13:04  Marine  
  162  13:09  Marauder  
  162  13:11  Widow Mine x2  
  162  13:12  Widow Mine  
  170  13:16  Supply Depot  
  170  13:17  Supply Depot  
Tags
 
Add a new tag
Caveats
  • Supply blocks, unpowered buildings, or Contaminate may cause inaccurate times.
  • Supply counts are checked every 10 seconds.